 Dungeon Crawl Stone Soup version 0.24.0-13-gcf9b3192b9 (webtiles) character file.

Game seed: 5130043902621229935, levelgen mode: deterministic

778 mopl the Chopper (level 7, -2/46 HPs)
             Began as a Gargoyle Monk on Nov 8, 2019.
             Slain by Prince Ribbit (7 damage)
             ... on level 5 of the Dungeon.
             The game lasted 00:06:42 (4212 turns).

mopl the Chopper (Gargoyle Monk)                    Turns: 4212, Time: 00:06:43

Health: -2/46      AC: 13    Str: 16    XL:     7   Next: 85%
Magic:  0/7        EV: 10    Int: 11    God:
Gold:   217        SH:  0    Dex: 12    Spells: 4/6 levels left

rFire    . . .     SeeInvis .   a - +0 war axe
rCold    + . .     Gourm    .   (no shield)
rNeg     + . .     Faith    .   s - +2 scale mail {rC+}
rPois    ∞         Spirit   +   (no helmet)
rElec    +         Reflect  .   l - +0 cloak
rCorr    .         Harm     .   (no gloves)
MR       .....                  (no boots)
Stlth    ++........             r - amulet of guardian spirit
HPRegen  0.15/turn              u - ring of stealth
MPRegen  0.10/turn              (no ring)

@: no status effects
A: negative energy resistance 1, electricity resistance, unbreathing,
petrification resistance, rot immunity, AC +4
a: no special abilities


You were on level 5 of the Dungeon.
You were hungry.

You visited 1 branch of the dungeon, and saw 6 of its levels.

You collected 217 gold pieces.

Inventory:

Hand Weapons
 a - a +0 war axe (weapon)
 v - a +0 hand axe
Missiles
 p - 5 atropa-tipped darts (quivered)
Armour
 l - a +0 cloak (worn)
 s - a +2 scale mail of cold resistance (worn)
Jewellery
 r - an amulet of guardian spirit (around neck)
 u - a ring of stealth (left hand)
Scrolls
 d - 2 scrolls of remove curse {unknown}
 e - a scroll of teleportation {unknown}
 i - a scroll of random uselessness {unknown}
 j - a scroll of enchant weapon {unknown}
 k - a scroll of fog {unknown}
 m - a scroll of amnesia {unknown}
 q - a scroll of enchant armour {unknown}
Potions
 b - a potion of haste
 f - a potion of magic
 g - a potion of mutation
 n - a potion of cancellation
 o - a potion of agility
 t - a potion of heal wounds
 w - 2 potions of curing
 x - 2 potions of lignification
Comestibles
 c - 12 rations


   Skills:
 + Level 6.2 Fighting
 * Level 6.9 Axes
 - Level 2.4 Dodging
 - Level 2.1 Stealth


You had 4 spell levels left.
You knew the following spells:

 Your Spells              Type           Power        Failure   Level  Hunger
e - Blink                 Tloc           N/A          90%         2    ###....

Your spell library contained the following spells:

 Spells                   Type           Power        Failure   Level  Hunger
 Magic Dart               Conj           #...         80%         1    ##.....
 Call Imp                 Summ           #.......     90%         2    ###....
 Slow                     Hex            #.......     90%         2    ###....
 Conjure Flame            Conj/Fire      #.......     99%         3    ####...
 Mephitic Cloud           Conj/Pois/Air  #.......     99%         3    ####...


Dungeon Overview and Level Annotations

Branches:
Dungeon (6/15)
 Temple: D:4-7

Altars:
Ashenzari
Fedhas
Kikubaaqudgha
Xom

Annotations:
D:5 Prince Ribbit


Innate Abilities, Weirdness & Mutations

You are resistant to torment.
Your stone body is resilient. (AC +4)
You are immune to poison.
You resist negative energy. (rN+)
You are resistant to electric shocks. (rElec)
You can survive without breathing.
You are immune to petrification.
You are immune to rotting.


Message History

You destroy the bullfrog skeleton!
The jackal bites you but does no damage.
You hit the jackal.
You kill the jackal!
The phantom blinks!
You barely miss Prince Ribbit. Prince Ribbit hits you.
* * * LOW HITPOINT WARNING * * *
Prince Ribbit hits you but does no damage.
You miss Prince Ribbit.
Prince Ribbit blinks!
The phantom blinks!
Prince Ribbit blinks!
Things that are here:
a jackal corpse; an adder corpse You hit the phantom.
The phantom is lightly damaged.
The phantom barely misses you. The phantom hits you.
* * * LOW HITPOINT WARNING * * *
The phantom blinks!
Prince Ribbit blinks!
You completely miss Prince Ribbit. Prince Ribbit hits you!
You die...

#.# #F# #.# #h# #.#
#.# #.# #Z#
########.# #h#
#........# #.#
#.######## #.#
#.#...##########.#
#.#......F@.§..W.#
#.###.#############
#.# #.#...........#
#.# #.#.##....##.##
#.# #.#.##..<.##.#
#.# #.#.##..#....##
#.# #.#.##(.......#
#.# #.#.##.#####.##
#.# #.#..........#


You could see Prince Ribbit and a phantom.

Vanquished Creatures
  A scorpion (D:4)
  A howler monkey (D:5)
  A hound (D:4)
  3 orc priests
  A centaur skeleton (D:4)
  A bullfrog skeleton (D:5)
  4 iguanas
  4 worker ants
  4 orc wizards
  6 adders
  2 oozes
  2 worms (D:2)
  2 dart slugs
  5 leopard geckos
  26 orcs
  5 bats
  A giant cockroach (D:4)
  10 goblins
  8 hobgoblins
  9 jackals
  A quokka (D:4)
  A ball python (D:3)
  7 frilled lizards
  A jackal skeleton (D:4)
  7 kobolds
  7 rats
120 creatures vanquished.

Notes
Turn   | Place    | Note
-------+----------+-------------------------------------------
     0 | D:1      | mopl the Gargoyle Monk began the quest for the Orb.
     0 | D:1      | Reached XP level 1. HP: 14/14 MP: 1/1
   357 | D:1      | Reached XP level 2. HP: 18/19 MP: 2/2
   586 | D:1      | Reached XP level 3. HP: 19/24 MP: 3/3
  1109 | D:2      | Reached XP level 4. HP: 23/29 MP: 4/4
  1540 | D:3      | Found a blossoming altar of Fedhas.
  2012 | D:3      | Found an ancient bone altar of Kikubaaqudgha.
  2025 | D:3      | Found a shimmering altar of Xom.
  2055 | D:3      | Reached XP level 5. HP: 32/34 MP: 5/5
  2521 | D:3      | Reached skill level 5 in Axes
  2521 | D:3      | Reached XP level 6. HP: 23/40 MP: 4/6
  2819 | D:4      | Reached skill level 5 in Fighting
  3109 | D:4      | Reached XP level 7. HP: 32/44 MP: 5/7
  3481 | D:4      | Found a shattered altar of Ashenzari.
  3829 | D:5      | Entered Level 5 of the Dungeon
  3829 | D:5      | Noticed Prince Ribbit
  3950 | D:5      | Learned a level 2 spell: Blink
  4212 | D:5      | Slain by Prince Ribbit

Levels and vault maps discovered:
D:1:      giann_wishing_wells, layout_rooms
D:2:      layout_loops_ring, first_ration
D:3:      layout_loops_ring, overflow_temple_1_default,
          amethyst_overflow_temple_binary
D:4:      layout_cave_pools, kennysheep_little_box
D:5:      layout_basic, minmay_temple_entry_fiery, minivault_14,
          uniq_prince_ribbit1
D:6:      layout_rooms, hellmonk_ghost_happy_afterlife,
          nicolae_ossuary_entry_monument, yredelemnul_altar_generic,
          uniq_crazy_yiuf_cottage, uniq_duvessa, uniq_pikel

Skill      XL: |  1  2  3  4  5  6  7 |
---------------+----------------------+-----
Axes           | 3 4 5 6 |  6.9
Fighting       | 4 5 6 |  6.2
Dodging        | |  2.4
Stealth        | |  2.1

Action                   |  1- 3 |  4- 6 |  7- 9 || total
-------------------------+-------+-------+-------++-------
Melee: Hand axe          |   120 |   304 |    39 ||   463
       War axe           |       |       |   124 ||   124
  Use: Scroll            |       |     5 |     2 ||     7
 Stab: Sleeping          |     1 |       |       ||     1
  Eat: Chunk             |     1 |     7 |     3 ||    11
Armor: Robe              |    31 |     2 |       ||    33
       Ring mail         |       |    37 |       ||    37
       Scale mail        |       |   144 |   101 ||   245
Dodge: Dodged            |    68 |   179 |   105 ||   352
